 Dungeon Crawl Stone Soup version 0.23-a0-650-ga4d50d4 (webtiles) character file.

67 Lanoc the Ruffian (level 4, -1/43 (44) HPs)
             Began as a Troll Monk on Jan 4, 2019.
             Was a Believer of Kikubaaqudgha.
             Slain by a jelly (3 damage)
             ... on level 5 of the Dungeon.
             The game lasted 00:03:18 (1483 turns).

Lanoc the Ruffian (Troll Monk)                      Turns: 1483, Time: 00:03:19

HP:   -1/43 (44)    AC: -6    Str: 30    XL:     4   Next: 0%
MP:   3/3           EV: 11    Int:  6    God:    Kikubaaqudgha [**....]
Gold: 147           SH:  0    Dex: 12    Spells: 3/3 levels left

rFire    . . .     SeeInvis .     - Unarmed
rCold    . . .     Gourm    +   (no shield)
rNeg     . . .     Faith    .   a - +0 robe
rPois    .         Spirit   .   (helmet restricted)
rElec    .         Reflect  .   s - +0 cloak
rCorr    .         Harm     .   (gloves unavailable)
MR       .....                  (boots unavailable)
Stlth    ++........             (no amulet)
HPRegen  0.54/turn              h - +5 ring of strength
MPRegen  0.08/turn              l - +5 ring of strength

@: corroded, very slightly contaminated
A: large, unfitting armour, claws 3, fast metabolism 3, gourmand, regeneration
1, shaggy fur 1, tough skin 2
a: Receive Corpses, Renounce Religion


You were on level 5 of the Dungeon.
You worshipped Kikubaaqudgha.
Kikubaaqudgha was pleased with you.
You were completely stuffed.

You visited 1 branch of the dungeon, and saw 4 of its levels.

You collected 147 gold pieces.

Inventory:

Armour
 a - a +0 robe (worn)
 s - a +0 cloak (worn)
Jewellery
 h - a +5 ring of strength (left claw)
 l - a +5 ring of strength (right claw)
 p - an uncursed ring of protection from magic
Scrolls
 c - a scroll of noise {unknown}
 f - a scroll of magic mapping {unknown}
 i - 2 scrolls of identify
 n - a scroll of amnesia
 o - a scroll of teleportation
 q - a scroll of remove curse
Potions
 d - a potion of heal wounds
 e - 2 potions of agility {unknown}
 g - a potion of invisibility {unknown}
 j - a potion of curing {unknown}
 k - a potion of might {unknown}
Comestibles
 b - 5 rations
 r - a chunk of flesh


   Skills:
 + Level 2.9 Fighting
 + Level 2.9 Dodging
 - Level 1.0 Stealth
 * Level 4.0 Unarmed Combat


You had 3 spell levels left.
You didn't know any spells.
Your spell library contained the following spells:

 Spells                   Type           Power        Failure   Level  Hunger
 Animate Skeleton         Necr           N/A          45%         1    ##.....
 Pain                     Necr           #...         45%         1    ##.....
 Sublimation of Blood     Necr           #.........   58%         2    ###....
 Regeneration             Chrm/Necr      #.........   83%         3    ####...


Dungeon Overview and Level Annotations

Branches:
Dungeon (3/15)

Altars:
Elyvilon
Kikubaaqudgha


Innate Abilities, Weirdness & Mutations

You are too large for most types of armour.
You have claws for hands.
Your metabolism is lightning-fast.
You like to eat raw meat.
Your natural rate of healing is unusually fast.
You are covered in fur. (AC +1)
You have very tough skin. (AC +2)


Message History

The jelly hits you.
You are splashed with acid!
The acid burns!
The necrophage barely misses you.
There is a stone staircase leading down here.
An ogre comes into view. It is wielding a +0 giant spiked club.
You scratch the jelly.
Your claws burn!
The jelly is severely wounded.
The jelly closely misses you.
You scratch the jelly.
Your claws burn!
The jelly is almost dead.
The jelly closely misses you.
You scratch the jelly but do no damage. The acid corrodes you!
Your claws burn!
The jelly is almost dead.
The jelly hits you.
You are splashed with acid!
The acid burns!
* * * LOW HITPOINT WARNING * * *
You scratch the jelly but do no damage.
Your claws burn!
* * * LOW HITPOINT WARNING * * *
The jelly is almost dead.
The jelly hits you.
You die...
Kikubaaqudgha rasps: "You have failed me!
Welcome... death!"

.............#
...........>.#
.............#
............##
...........# #
..........## ..#
.........####....
.......O##.......
#......nJ@.......
........##.......
...###### .......
..# ....... #
....... .......
....... .......


You could see an ogre, a necrophage and a jelly.

Vanquished Creatures
  An iguana (D:5)
  An adder (D:2)
  2 worms (D:2)
  A leopard gecko (D:2)
  2 goblins
  7 hobgoblins
  5 kobolds
  A ball python (D:1)
  5 bats
  2 frilled lizards
  A rat (D:2)
28 creatures vanquished.

Notes
Turn   | Place    | Note
-------+----------+-------------------------------------------
     0 | D:1      | Lanoc the Troll Monk began the quest for the Orb.
     0 | D:1      | Reached XP level 1. HP: 22/22 MP: 0/0
   385 | D:1      | Reached XP level 2. HP: 29/29 MP: 1/1
   699 | D:2      | Found a white marble altar of Elyvilon.
   896 | D:2      | Reached XP level 3. HP: 34/36 MP: 2/2
  1034 | D:2      | Found a faded altar of an unknown god.
  1045 | D:2      | Became a worshipper of Kikubaaqudgha
  1045 | D:2      | Reached * piety under Kikubaaqudgha
  1045 | D:2      | Identified Kikubaaqudgha's Incunabulum of Darkness
                  | (Kikubaaqudgha gifted it to you on level 2 of the Dungeon)
  1045 | D:2      | Received a gift from Kikubaaqudgha
  1045 | D:2      | Reached ** piety under Kikubaaqudgha
  1427 | D:3      | You fall through a shaft for 2 floors!
  1427 | D:5      | Entered Level 5 of the Dungeon
  1458 | D:5      | Noticed a necrophage
  1463 | D:5      | Reached skill level 4 in Unarmed Combat
  1463 | D:5      | Reached XP level 4. HP: 35/44 MP: 3/3
  1477 | D:5      | Noticed an ogre
  1483 | D:5      | HP: 2/43 [acid (2)]
  1483 | D:5      | Slain by a jelly

Vault maps used:
D:1:      nzn_arrival_water_spiral
D:2:      elyvilon_altar_5, chequers_ecumenical_altar_simple, minivault_25,
          hangedman_decor_push
D:3:      first_ration, minmay_cut_off, uniq_robin
D:5:      uniq_menkaure, uniq_eustachio, uniq_sigmund

Skill      XL: |  1  2  3 |
---------------+----------+-----
Unarmed Combat | 4 |  4.0
Fighting       | |  2.9
Dodging        | |  2.9
Stealth        | |  1.0

Action                   |  1- 3 |  4- 6 || total
-------------------------+-------+-------++-------
Melee: Unarmed           |    66 |     7 ||    73
       Punch             |     1 |       ||     1
  Use: Scroll            |     7 |       ||     7
 Stab: Sleeping          |     5 |       ||     5
  Eat: Chunk             |    19 |       ||    19
Armor: Robe              |    15 |       ||    15
Dodge: Dodged            |    30 |     9 ||    39

Table legend:
 A = Non-vault XP
 B = Vault XP
 C = Vault XP percentage of total XP
 D = Non-vault monster count
 E = Vault monster count
 F = Vault count percentage of total count
                 A         B        C        D         E       F
            +---------+---------+-------+---------+---------+-------
      Total |      97 |       0 |   0.0 |      28 |       0 |   0.0
            +---------+---------+-------+---------+---------+-------
        D:1 |      14 |       0 |   0.0 |       9 |       0 |   0.0
        D:2 |      43 |       0 |   0.0 |      15 |       0 |   0.0
        D:3 |       5 |       0 |   0.0 |       3 |       0 |   0.0
        D:5 |      35 |       0 |   0.0 |       1 |       0 |   0.0
            +---------+---------+-------+---------+---------+-------
